 Dungeon Crawl Stone Soup version 0.31-a0-441-g867994ef1c (webtiles) character file.

Game seed: 3663440347519790780

137402 holysushi the Acrobat (level 16, -1/149 HPs)
             Began as a Minotaur Monk on Aug 2, 2023.
             Was an Initiate of Gozag.
             Killed from afar by a salamander tyrant (34 damage)
             ... on level 4 of the Snake Pit.
             The game lasted 00:56:01 (36776 turns).

holysushi the Acrobat (Minotaur Monk)              Turns: 36776, Time: 00:56:02

Health: -1/149     AC: 15    Str: 24    XL:     16   Next: 68%
Magic:  15/15      EV: 36    Int:  7    God:    Gozag
Gold:   1829       SH:  0    Dex: 32    Spells: 15/15 levels left

rFire   . . .        R - +7 captain's cutlass {speed, disarm}
rCold   . . .        (no shield)
rNeg    + + .        J - +5 scale mail of Minor Irritation {-Cast +Inv rElec Str+5}
rPois   +            (helmet restricted)
rElec   +            Z - +0 cloak "Quddowew" {rPois Will+}
rCorr   .            y - +0 pair of gloves
SInv    .            (no boots)
Will    +++..        f - amulet of the acrobat
Stlth   +++          m - +6 ring of dexterity
HPRegen 0.44/turn    N - ring "Wejoeka" {*Corrode rN++ Str+4 Dex+6}
MPRegen 0.14/turn

%: no spellcasting, corrode self (3%), acrobat
@: weakened
A: horns 2, retaliatory headbutt, strong-willed 1, weak 1, wild magic 1
a: Renounce Religion, Evoke Invisibility, Potion Petition, Call Merchant, Bribe
Branch


You were on level 4 of the Snake Pit.
You worshipped Gozag.
Gozag was most pleased with you.
You visited 4 branches of the dungeon, and saw 26 of its levels.
You also visited: Sewer and Ice Cave.

You collected 8985 gold pieces.
You spent 1910 gold pieces at shops.
You paid 5246 gold pieces to Gozag.

Inventory:

Hand Weapons
 a - the +9 dagger of Syvo Nuh {protect, rElec rPois Int-2}
   (You found it on level 5 of the Dungeon)

   Int:       It affects your intelligence (-2).
   rElec:     It insulates you from electricity.
   rPois:     It protects you from poison.
 R - the +7 captain's cutlass (weapon) {speed, disarm}
   (You found it on level 5 of the Lair of Beasts)
 S - the +10 war axe of Umno {pain, rElec rF+ rC+ Str+3 Dex-2}
   (You found it on level 2 of the Lair of Beasts)

   Str:       It affects your strength (+3).
   Dex:       It affects your dexterity (-2).
   rF:        It protects you from fire.
   rC:        It protects you from cold.
   rElec:     It insulates you from electricity.
Armour
 d - a +0 robe of resistance
 y - a +0 pair of gloves (worn)
 E - a +2 ring mail of fire resistance
 J - the +5 scale mail of Minor Irritation (worn) {-Cast +Inv rElec Str+5}
   (You found it on level 13 of the Dungeon)

   Str:       It affects your strength (+5).
   rElec:     It insulates you from electricity.
   +Inv:      It lets you turn invisible.
   -Cast:     It prevents spellcasting.
 W - the +4 Cigotuvi's embrace {Corpsefed rMiasma Drain rN+}
   (You bought it in a shop on level 11 of the Dungeon)

   Corpsefed: It gathers nearby corpses to temporarily increase the armour it
   provides.
   rMiasma:   It protects you from foul pestilence.
   rN:        It protects you from negative energy.
   Drain:     It drains your maximum health when unequipped.
 Y - a +0 tower shield
 Z - the +0 cloak "Quddowew" (worn) {rPois Will+}
   (You bought it in a shop on level 2 of the Orcish Mines)

   rPois:     It protects you from poison.
   Will:      It increases your willpower.
Jewellery
 f - an amulet of the acrobat (around neck)
 m - a +6 ring of dexterity (left hand)
 o - a ring of protection from cold
 H - an amulet of magic regeneration
 N - the ring "Wejoeka" (right hand) {*Corrode rN++ Str+4 Dex+6}
   (You bought it in a shop on level 8 of the Dungeon)

   [ring of dexterity]

   Str:       It affects your strength (+4).
   Dex:       It affects your dexterity (+6).
   rN:        It greatly protects you from negative energy.
   *Corrode:  It may corrode you when you take damage.
 O - a ring of willpower
Wands
 v - a wand of mindburst (23)
 x - a wand of charming (4)
 C - a wand of digging (4)
 D - a wand of flame (29)
 F - a wand of light (11)
 V - a wand of polymorph (2)
Scrolls
 k - 9 scrolls of teleportation
 l - 3 scrolls of blinking
 n - 4 scrolls of immolation
 p - 6 scrolls of identify
 q - 6 scrolls of vulnerability
 r - 4 scrolls of fog
 s - 6 scrolls of revelation
 t - 2 scrolls of amnesia
 u - a scroll of enchant weapon
 w - 6 scrolls of fear
 B - 2 scrolls of noise {unknown}
 G - a scroll of summoning {unknown}
 K - 3 scrolls of poison
 L - a scroll of brand weapon
 M - 3 scrolls of enchant armour
 X - 2 scrolls of silence {unknown}
Potions
 b - 2 potions of invisibility
 c - 4 potions of lignification
 e - 3 potions of magic
 g - a potion of enlightenment
 h - 8 potions of curing
 i - 4 potions of heal wounds
 j - 2 potions of resistance
 z - 3 potions of brilliance
 A - 4 potions of mutation
 I - 2 potions of cancellation
 P - 4 potions of degeneration
 T - 2 potions of haste
 U - 2 potions of might


   Skills:
 - Level 15.0 Fighting
 - Level 14.0 Short Blades
 - Level 6.0 Armour
 + Level 24.5 Dodging
 - Level 7.0 Stealth
 - Level 5.0 Evocations


You had 15 spell levels left.
You didn't know any spells.
Your spell library contained the following spells:

 Spells                   Type           Power      Damage    Failure   Level
 Apportation              Tloc           0%         N/A       78%         1
 Necrotise                Necr           0%         1d4       78%         1
 Sandblast                Erth           0%         2d4       78%         1
 Slow                     Hex            0%         N/A       78%         1
 Summon Small Mammal      Summ           0%         N/A       78%         1
 Lesser Beckoning         Tloc           0%         N/A       89%         2
 Passwall                 Tmut/Erth      0%         N/A       89%         2
 Call Canine Familiar     Summ           0%         N/A       98%         3
 Confusing Touch          Hex            0%         N/A       98%         3
 Dazzling Flash           Conj/Hex       0%         N/A       98%         3
 Gell's Gravitas          Tloc           0%         N/A       98%         3
 Ignite Poison            Fire/Tmut/Pois 0%         N/A       98%         3
 Portal Projectile        Hex/Tloc       0%         N/A       98%         3
 Stone Arrow              Conj/Erth      0%         3d7       98%         3
 Teleport Other           Tloc           0%         N/A       98%         3
 Tukima's Dance           Hex            0%         N/A       98%         3
 Vampiric Draining        Necr           0%         2d6       98%         3
 Volatile Blastmotes      Fire/Tloc      0%         2d10      98%         3
 Flame Wave               Conj/Fire      0%         2d4       100%        4
 Iskenderun's Mystic Bla  Conj/Tloc      0%         2d3       100%        4
 Leda's Liquefaction      Hex/Erth       0%         N/A       100%        4
 Manifold Assault         Tloc           0%         N/A       100%        4
 Sticky Flame             Conj/Fire      0%         2d3       100%        4
 Agony                    Necr           0%         N/A       100%        5
 Silence                  Hex/Air        0%         N/A       100%        5
 Summon Mana Viper        Hex/Summ       0%         N/A       100%        5
 Dispersal                Tloc           0%         N/A       100%        6
 Disjunction              Tloc           0%         N/A       100%        8
 Ignition                 Fire           0%         3d3       100%        8


Dungeon Overview and Level Annotations

Branches:
Dungeon (15/15) Zot: 25990  Temple (0/1) D:7            Lair (5/5) D:9 Zot: 21323
 Shoals (0/4) Lair:2        Snake (4/4) Lair:3 Zot: 18851   Slime (0/5) Lair:4
    Orc (2/2) D:9 Zot: 8292     Elf (0/3) Orc:2        Vaults (0/5) D:13
 Depths (0/4) D:15          Sewer (visited)           IceCv (visited)

Altars:
Ashenzari
Dithmenos
Gozag
Hepliaklqana
Nemelex Xobeh
Okawaru
Qazlal
Sif Muna
Trog
Uskayaw
Wu Jian
Xom
The Shining One
Jiyva

Shops:
D:2 (   D:4 *(   D:8 =   D:11 [   Orc:1 ?   Orc:2 **=[*   Lair:2 =   Lair:4 [
Snake:1 :   Snake:2 *   Snake:3 =

Annotations:
D:3 1 runed translucent door, Crazy Yiuf
D:15 1 runed translucent door


Innate Abilities, Weirdness & Mutations

You have a pair of horns on your head.
You reflexively headbutt those who attack you in melee.
You are strong-willed. (Will+)
You are weak. (Str -2)
Your spells are a little harder to cast, but a little more powerful.


Message History

There is an open door here.
Found a book of the Hunter. 2 salamander tyrants come into view.
The salamander tyrant gazes fiercely through you!
You feel your attacks grow feeble.
You see here a scroll of revelation.
The salamander tyrant rends the earth beneath you!
The blast of magma engulfs you!!
The salamander tyrant calls gouts of flame from the lava!
The flame surge hits you!
You puncture the salamander tyrant!
The salamander tyrant is moderately wounded.
The salamander tyrant calls gouts of flame from the lava!
The flame surge hits you!!!
The salamander tyrant calls gouts of flame from the lava!
The flame surge hits you!!!
* * * LOW HITPOINT WARNING * * *
You are too injured to fight recklessly!
Unknown command.
Blink to where?
Press: ? - help, Dir - move target
As you read the scroll of blinking, it crumbles to dust.
You close the door.
You see here a +0 robe.
Things that are here:
a +0 longbow; a +0 halberd Blink to where?
Press: ? - help, Dir - move target
As you read the scroll of blinking, it crumbles to dust.
There is an open door, spattered with blood here.
Your attacks no longer feel as feeble.
You see here 8 stones.
The salamander tyrant gazes fiercely through you!
You feel your attacks grow feeble.
You close the door.
You feel much better.
The salamander tyrant rends the earth beneath you!
The blast of magma engulfs you!!
You die...
Your body crumbles into a pile of gold.

#..§§§≈≈§§§≈≈§≈≈§..##
##..≈≈≈≈≈≈≈§≈≈≈≈..##
#....§≈≈§§§≈≈.§..#
#......≈§≈§..)...#
#.......§§§.$....#
#.......≈§...$)..#
#......≈§§≈......#
####'#≈≈§≈N§#+####
#....≈§§≈§§...@#
##...§≈≈§§§...##
##(..§§.≈...##
##.(.$....##
##....$.## ########


You could see a salamander tyrant.

Vanquished Creatures
  Vashnia (Snake:2)
  A nagaraja (Snake:3)
  Aizul (Snake:2)
  2 orc warlords (Orc:2)
  An ironbound preserver (D:13)
  Azrael (Snake:2)
  Snorg (D:14)
  An ettin (D:15)
  A fire dragon (D:15)
  Fannar (Lair:1)
  5 hydras
  2 salamander tyrants
  A merfolk avatar (Lair:5)
  2 catoblepae
  5 centaur warriors
  9 two-headed ogres
  A death knight (D:13)
  6 anacondas
  2 boulder beetles
  2 tengu warriors (D:15)
  A two-headed ogre (shapeshifter) (D:13)
  5 orc high priests (Orc:2)
  9 naga warriors
  13 naga sharpshooters
  5 shock serpents
  5 skysharks
  A salamander mystic (Snake:2)
  A sea snake (Lair:5)
  3 lindwurms (Snake:4)
  3 naga ritualists
  Pikel (D:5)
  3 deep elf pyromancers
  6 orc knights
  3 harpies (Lair:2)
  8 mana vipers
  4 orc sorcerers (Orc:2)
  5 manticores
  9 cyclopes
  4 ugly things
  14 salamanders
  11 elephants
  17 black mambas
  A gargoyle (D:10)
  4 guardian serpents
  5 naga magi
  A black mamba (shapeshifter) (D:13)
  Joseph (D:7)
  Maggie (D:7)
  3 unseen horrors
  12 cane toads
  8 komodo dragons
  A freezing wraith (D:14)
  Psyche (D:8)
  4 rime drakes
  2 anaconda simulacra (IceCv)
  2 kobold demonologists
  2 tengu conjurers (D:15)
  2 efreet
  11 trolls
  4 polar bears
  Grinder (Sewer)
  A hornet (Lair:5)
  17 blink frogs
  2 wind drakes (Lair:5)
  A culicivora (shapeshifter) (D:15)
  A shadow (D:12)
  20 slime creatures
  A spriggan (shapeshifter) (D:15)
  A dire elephant simulacrum (IceCv)
  4 fire elementals (Snake:2)
  4 wyverns
  A vampire (D:13)
  6 wraiths
  38 yaks
  3 steam dragons
  4 basilisks
  6 wargs
  28 nagas
  2 acid dragons
  18 water moccasins
  37 orc warriors
  4 hell hounds (Snake:2)
  An ice beast (D:7)
  2 black bears
  14 ogres
  11 wolves
  2 centaurs (D:14)
  2 lemures (D:5)
  2 phantoms
  A kobold brigand (Sewer)
  8 bullfrogs
  2 gnoll sergeants
  3 scorpions
  A two-headed ogre simulacrum (IceCv)
  20 wights
  8 killer bees
  3 electric eels
  9 howler monkeys
  4 hounds
  A quasit (D:8)
  A jelly (D:4)
  A gnoll bouda (D:8)
  29 orc priests
  A sleepcap (D:5)
  5 iguanas
  20 orc wizards
  10 hell rats (Lair:1)
  A spriggan simulacrum (IceCv)
  6 adders
  16 gnolls
  11 river rats (Lair:1)
  3 shadow imps
  5 white imps
  5 ufetubi
  2 dart slugs
  95 orcs
  7 endoplasms
  8 giant cockroaches
  A goblin (D:2)
  7 hobgoblins
  13 kobolds
  11 quokkas
  7 ball pythons
  3 bats
  A frilled lizard (D:2)
  A giant cockroach zombie (Sewer)
  A goblin skeleton (D:8)
  A goblin zombie (D:8)
  2 kobold skeletons (D:8)
  4 kobold zombies
  2 orc skeletons (D:8)
  2 orc zombies (D:8)
  20 rats
838 creatures vanquished.

Vanquished Creatures (collateral kills)
  Duvessa (D:7)
  Dowan (D:7)
  3 gnolls (D:7)
  An orc (D:7)
6 creatures vanquished.

Vanquished Creatures (others)
  An orc priest (Orc:2)
1 creature vanquished.

Grand Total: 845 creatures vanquished

Notes
Turn   | Place    | Note
-------+----------+-------------------------------------------
     0 | D:1      | holysushi the Minotaur Monk began the quest for the Orb.
     0 | D:1      | Reached XP level 1. HP: 19/19 MP: 0/0
   483 | D:1      | Reached XP level 2. HP: 26/27 MP: 1/1
   889 | D:2      | Reached XP level 3. HP: 31/33 MP: 2/2
  1041 | D:2      | Reached skill level 5 in Short Blades
  1213 | D:2      | Found Bitwokhush's Antique Weapon Boutique.
  1547 | D:2      | Reached XP level 4. HP: 31/40 MP: 3/3
  1892 | D:3      | Found a runed translucent door.
  1893 | D:3      | Noticed Crazy Yiuf
  2031 | D:3      | Found a glowing drain.
  2056 | Sewer    | Entered a sewer
  2174 | Sewer    | Reached XP level 5. HP: 40/46 MP: 4/4
  2225 | Sewer    | Found an ancient bone altar of Kikubaaqudgha.
  2250 | Sewer    | HP: 1/46 [kobold brigand/+0 short sword (6)]
  2396 | Sewer    | Noticed Grinder
  2698 | Sewer    | Gained mutation: Your spells are a little harder to cast,
                  | but a little more powerful. [potion of mutation]
  2698 | Sewer    | Gained mutation: You are strong-willed. (Will+) [potion of
                  | mutation]
  2725 | Sewer    | Killed Grinder
  2726 | Sewer    | Reached XP level 6. HP: 51/52 MP: 5/5
  2882 | Sewer    | Reached XP level 7. HP: 58/58 MP: 6/6
  3111 | D:4      | Found Xotad's Neck Hole.
  3173 | D:4      | Bought a +2 cloak for 181 gold pieces
  3543 | D:4      | Reached skill level 10 in Short Blades
  3841 | D:4      | Found Rohocife's Weapon Shoppe.
  3841 | D:4      | Noticed a +0 demon whip
  3841 | D:4      | Noticed a +0 demon blade
  4619 | D:4      | Reached skill level 4 in Dodging
  4689 | D:5      | Entered Level 5 of the Dungeon
  4724 | D:4      | Reached XP level 8. HP: 47/62 MP: 7/7
  4889 | D:5      | Noticed Pikel
  5039 | D:5      | Killed Pikel
  5040 | D:5      | Reached skill level 7 in Dodging
  5489 | D:5      | Found an opulent altar of Gozag.
  5560 | D:5      | Became a worshipper of Gozag Ym Sagoz the Greedy
  5575 | D:5      | Reached skill level 8 in Dodging
  5939 | D:5      | Identified the +9 dagger of Syvo Nuh {protect, rElec rPois
                  | Int-2}
  5952 | D:5      | You fall into a shaft and drop 3 floors!
  5957 | D:8      | Noticed a two-headed ogre
  6223 | D:7      | Found a broken altar of Ashenzari.
  6224 | D:7      | Found a shimmering blue altar of Sif Muna.
  6318 | D:5      | Reached skill level 9 in Dodging
  6318 | D:5      | Reached XP level 9. HP: 57/71 MP: 8/8
  7416 | D:7      | Reached skill level 10 in Dodging
  7432 | D:7      | Found a shimmering altar of Xom.
  7600 | D:7      | Noticed Joseph
  7615 | D:7      | Killed Joseph
  7616 | D:7      | Reached skill level 11 in Dodging
  7663 | D:7      | Found a shimmering altar of Xom.
  7663 | D:7      | Found a shimmering altar of Xom.
  7663 | D:7      | Found a shimmering altar of Xom.
  7663 | D:7      | Found a shimmering altar of Xom.
  7663 | D:7      | Found a shimmering altar of Xom.
  7664 | D:7      | Found a shimmering altar of Xom.
  7899 | D:7      | Noticed Maggie
  7958 | D:7      | Noticed Duvessa
  7958 | D:7      | Noticed Dowan
  7969 | D:7      | Killed Duvessa
  7970 | D:7      | Killed Dowan
  7971 | D:7      | Reached skill level 12 in Dodging
  7977 | D:7      | Killed Maggie
  8168 | D:7      | Found a staircase to the Ecumenical Temple.
  8492 | D:8      | Killed a two-headed ogre
  8493 | D:8      | Reached skill level 13 in Dodging
  8493 | D:8      | Reached XP level 10. HP: 67/78 MP: 9/9
  8577 | D:8      | Found a hazy altar of Hepliaklqana.
  8657 | D:8      | Found a hide-covered altar of Uskayaw.
  9081 | D:8      | Found an iron altar of Okawaru.
  9092 | D:8      | Noticed Psyche
  9102 | D:8      | Killed Psyche
  9103 | D:8      | Reached skill level 14 in Dodging
  9109 | D:8      | Found a glowing golden altar of the Shining One.
  9248 | D:8      | Found a bloodstained altar of Trog.
  9349 | D:8      | Found a shadowy altar of Dithmenos.
  9468 | D:9      | Noticed a centaur warrior
  9483 | D:9      | Killed a centaur warrior
  9503 | D:9      | Reached skill level 15 in Dodging
  9654 | D:9      | Noticed a two-headed ogre
  9671 | D:9      | Killed a two-headed ogre
  9891 | D:9      | Reached XP level 11. HP: 75/83 MP: 10/10
  9899 | D:9      | Found a staircase to the Orcish Mines.
  9930 | D:9      | Reached skill level 16 in Dodging
 10016 | D:9      | Found a staircase to the Lair.
 10034 | D:9      | Found a sparkling altar of Nemelex Xobeh.
 10431 | D:10     | Entered Level 10 of the Dungeon
 10433 | D:10     | Noticed a two-headed ogre
 10443 | D:10     | Noticed a two-headed ogre
 10465 | D:10     | Killed a two-headed ogre
 10483 | D:9      | Killed a two-headed ogre
 10714 | D:10     | Found an ornate altar of the Wu Jian Council.
 10938 | D:10     | Reached skill level 17 in Dodging
 11585 | D:8      | Bought the ring "Wejoeka" {*Corrode rN++ Str+4 Dex+6} for
                  | 619 gold pieces
 11654 | Lair:1   | Entered Level 1 of the Lair of Beasts
 11964 | Lair:1   | Reached skill level 18 in Dodging
 12220 | Lair:1   | Noticed Fannar
 12263 | Lair:1   | Killed Fannar
 12274 | Lair:1   | Reached skill level 5 in Fighting
 12401 | Lair:1   | Reached XP level 12. HP: 92/94 MP: 11/11
 13445 | Lair:1   | Reached skill level 19 in Dodging
 13503 | Lair:2   | Found a staircase to the Shoals.
 13667 | Lair:2   | Found a frozen archway.
 13672 | Lair:2   | Identified the +10 war axe of Umno {pain, rElec rF+ rC+
                  | Str+3 Dex-2}
 13692 | IceCv    | Entered an ice cave
 14179 | Lair:2   | Found an ornate altar of the Wu Jian Council.
 14179 | Lair:2   | Found a hide-covered altar of Uskayaw.
 14179 | Lair:2   | Noticed a boulder beetle
 14236 | Lair:2   | Killed a boulder beetle
 14237 | Lair:2   | Reached skill level 20 in Dodging
 15161 | D:2      | Found Bitwokhush's Antique Weapon Boutique.
 16100 | Lair:3   | Reached skill level 21 in Dodging
 16286 | Lair:3   | Found a staircase to the Snake Pit.
 16303 | Lair:3   | Reached skill level 1 in Stealth
 16459 | Lair:3   | Reached XP level 13. HP: 83/102 MP: 12/12
 16998 | Snake:1  | Entered Level 1 of the Snake Pit
 17220 | Lair:4   | Found a staircase to the Slime Pits.
 17325 | Lair:4   | Identified the +4 scale mail of Xexemuun {Str+3}
 17621 | Lair:4   | Found a viscous altar of Jiyva.
 18147 | Lair:5   | Entered Level 5 of the Lair of Beasts
 19235 | Lair:4   | Found a viscous altar of Jiyva.
 19235 | Lair:4   | Found a staircase to the Slime Pits.
 20675 | Lair:5   | Reached skill level 22 in Dodging
 20761 | Lair:5   | Reached skill level 10 in Fighting
 21039 | Lair:5   | Got the Opusculum on the Pyromaniac and Bewitchment
 21279 | Lair:5   | Found the +7 captain's cutlass {speed, disarm}
 21293 | Lair:5   | Identified the +1 leather armour of the Saviour {Dex-2
                  | Slay+3 Stlth+}
 21883 | Lair:4   | Bought a +3 scale mail of willpower for 286 gold pieces
 22027 | Orc:1    | Entered Level 1 of the Orcish Mines
 22127 | Orc:1    | Found Budghut's Magic Scroll Boutique.
 22225 | Orc:1    | Bought a scroll of blinking for 75 gold pieces
 22225 | Orc:1    | Bought a scroll of blinking for 75 gold pieces
 22225 | Orc:1    | Bought a scroll of blinking for 75 gold pieces
 22532 | Orc:2    | Entered Level 2 of the Orcish Mines
 22552 | Orc:2    | Reached XP level 14. HP: 89/122 MP: 13/13
 22880 | Orc:2    | Noticed an orc warlord
 22914 | Orc:2    | Killed an orc warlord
 23668 | Orc:2    | Noticed an orc warlord
 24170 | Orc:2    | Found Dedis's Assorted Antiques.
 24374 | Orc:2    | Found Qaopofui's Assorted Antiques.
 24864 | Orc:2    | Killed an orc warlord
 25031 | Orc:2    | Found Wemov's Antique Armour Boutique.
 25066 | Orc:2    | Bought a dazzling cloak for 218 gold pieces
 25066 | Orc:2    | Identified the +0 cloak "Quddowew" {rPois Will+} (You
                  | bought it in a shop on level 2 of the Orcish Mines)
 25112 | Orc:2    | Gained mutation: You are weak. (Str -2) [a neqoxec]
 25413 | Orc:2    | Found Zoleel's General Store.
 25826 | Orc:2    | Bought a potion of heal wounds for 50 gold pieces
 25893 | Orc:2    | Found a staircase to the Elven Halls.
 26462 | D:11     | Bought the +4 Cigotuvi's embrace {Corpsefed rMiasma Drain
                  | rN+} for 331 gold pieces
 26462 | D:11     | Found the +4 Cigotuvi's embrace {Corpsefed rMiasma Drain
                  | rN+}
 26695 | D:11     | Reached skill level 1 in Armour
 27474 | D:13     | Identified the +5 scale mail of Minor Irritation {-Cast
                  | +Inv rElec Str+5}
 27597 | D:13     | Found a gate to the Vaults.
 27597 | D:13     | Noticed an ironbound preserver
 27611 | D:13     | Killed an ironbound preserver
 28073 | D:13     | Reached skill level 23 in Dodging
 28073 | D:13     | Reached XP level 15. HP: 134/134 MP: 14/14
 29856 | D:14     | Noticed Snorg
 29857 | D:14     | Found a shimmering blue altar of Sif Muna.
 29938 | D:14     | Killed Snorg
 29994 | D:15     | Entered Level 15 of the Dungeon
 30018 | D:15     | Reached skill level 5 in Armour
 30236 | D:15     | Found a runed translucent door.
 30236 | D:15     | Noticed a storm dragon
 30236 | D:15     | Noticed a storm dragon
 30340 | D:15     | Reached skill level 5 in Stealth
 30499 | D:15     | Found a staircase to the Depths.
 30695 | D:15     | Found a stormy altar of Qazlal.
 31757 | Snake:1  | Found Poizuelu's Tremendous Tomes.
 31933 | Snake:2  | Found Gurgheuz's Gadget Gallery.
 31946 | Snake:2  | Noticed Aizul
 31958 | Snake:2  | Killed Aizul
 32009 | Snake:2  | Reached skill level 1 in Evocations
 32696 | Snake:2  | Reached XP level 16. HP: 143/146 MP: 15/15
 33272 | Snake:2  | Noticed Azrael
 33289 | Snake:2  | Killed Azrael
 33434 | Snake:2  | Noticed Vashnia
 33885 | Snake:2  | Killed Vashnia
 34118 | Snake:2  | Found a stormy altar of Qazlal.
 35076 | Snake:3  | Reached skill level 15 in Fighting
 35703 | Snake:3  | Reached skill level 5 in Evocations
 35717 | Snake:3  | Reached skill level 24 in Dodging
 36030 | Snake:4  | Entered Level 4 of the Snake Pit
 36748 | Snake:4  | HP: 2/149 [salamander tyrant/flame surge (48)]
 36776 | Snake:4  | Killed from afar by a salamander tyrant

Illustrated notes

Levels and vault maps discovered:
D:1:      kennysheep_arrival_forest, layout_basic
D:2:      layout_basic, serial_shops, nicolae_shop_overgrown_old_shop,
          st_stairs_8
D:3:      layout_rooms, portal_sewer_entry_f, uniq_crazy_yiuf_cottage
D:4:      layout_basic, serial_shops, nicolae_shop_mannequins,
          nicolae_shop_sticking_my_neck_out
D:5:      layout_basic, nicolae_gozag_cash_rules_everything_around_me,
          hangedman_decor_opposing, reono_crystal_passage, uniq_pikel
D:6:      layout_gridville, minivault_19
D:7:      layout_loops_ring, xom_shifter_show,
          chequers_temple_overflow_statue_of_worship,
          minmay_temple_entry_slanted, uniq_duvessa, uniq_joseph, uniq_maggie
D:8:      layout_loops_ring, lemuel_doored_altar,
          mainiacjoe_overflow_six_doors_small,
          nicolae_uskayaw_murder_on_the_dancefloor,
          mainiacjoe_overflow_alcove_4, nicolae_tso_besieged_by_evil, trog_book,
          nrook_campfire, grunt_ministairs_11, uniq_psyche
D:9:      layout_basic, nemelex_xobeh_ov_fountains_minmay, erik_lair_island,
          minmay_misc_feat_plants
D:10:     layout_gridville, nicolae_wu_jian_wuxing_cycle
D:11:     layout_roguey
D:12:     layout_rooms
D:13:     layout_irregular_city, skrybe_vaults_entry_preservation
D:14:     layout_basic, led_sif_pool, grunt_decor_mini_mirrors, uniq_snorg
D:15:     hangedman_depths_entry_civil_slaughter, layout_cross,
          nicolae_qazlal_eye_of_the_storm, kennysheep_treasure_room
Lair:1:   lemuel_ratsnest, layout_regular_city, gammafunk_lair_bear_cave,
          uniq_fannar
Lair:2:   layout_hall_layers, nicolae_shoals_entry_roost,
          portal_ice_cave_entry_pillars_1, nzn_masters_of_martial_movement,
          serial_bayou_shore_b
Lair:3:   layout_cave_shapes, minmay_snake_entry_spellcaster,
          serial_bayou_shore_b
Lair:4:   layout_small_grid, slime_entry_1
Lair:5:   gammafunk_lair_ancient_temple, layout_loops_ring,
          chequers_serial_rivers_micro_e, serial_bayou_shore_b
Snake:1:  layout_rooms, nicolae_shop_i_like_big_books
Snake:2:  layout_onion_interference, basic_altar,
          nicolae_snake_gridmaze_entwining, nicolae_shop_gadgets,
          grunt_megastairs_1, serial_bayou_shore_b, uniq_vashnia, uniq_azrael,
          uniq_aizul
Snake:3:  layout_chambers, lemuel_fruit_tree
Snake:4:  snake_pit_salamanders_mu, layout_misc_corridors,
          gammafunk_ghost_necromancy, serial_bayou_shore_b, minmay_shop_star
Orc:1:    layout_caves, serial_shops, shop
Orc:2:    pubby_orc_utopia

Skill      XL: |  1  2  3  4  5  6  7  8  9 10 11 12 13 14 15 16 |
---------------+-------------------------------------------------+-----
Short Blades   | 4 5 6 8 9 10 12 14 | 14.0
Dodging        | 4 9 13 15 18 21 22 23 24 | 24.5
Fighting       | 5 10 12 14 15 | 15.0
Stealth        | 1 4 6 7 |  7.0
Armour         | 3 6 |  6.0
Evocations     | 2 5 |  5.0

Action                     |  1- 3 |  4- 6 |  7- 9 | 10-12 | 13-15 | 16-18 || total
---------------------------+-------+-------+-------+-------+-------+-------++-------
  Melee: Short sword       |    80 |   138 |    18 |       |       |       ||   236
         Headbutt          |    15 |    22 |    65 |   236 |   551 |   152 ||  1041
         Punch             |       |     2 |     1 |    16 |    33 |     7 ||    59
         Dagger            |       |       |   238 |   868 |   449 |       ||  1555
         Cutlass           |       |       |       |       |  1372 |   479 ||  1851
 Invoke: Call Merchant     |       |       |       |     2 |     3 |     1 ||     6
  Evoke: Wand              |       |       |     7 |     4 |     1 |       ||    12
    Use: Scroll            |       |     9 |       |       |    23 |     2 ||    34
         Potion            |       |     3 |     1 |     5 |     1 |     1 ||    11
   Stab: Invisible         |       |     4 |       |       |       |       ||     4
         Sleeping          |       |       |     1 |     1 |    16 |     1 ||    19
         Distracted        |       |       |       |     5 |    13 |     4 ||    22
 Armour: Ring mail         |    14 |    35 |    70 |       |       |       ||   119
         Robe              |     1 |       |       |       |       |       ||     1
         Steam dragon scal |       |       |     6 |   142 |    48 |       ||   196
         Scale mail        |       |       |       |       |    56 |    13 ||    69
         Leather armour    |       |       |       |       |    28 |       ||    28
  Dodge: Dodged            |    41 |   108 |   610 |  1226 |  1344 |   329 ||  3658

Table legend: (Time is in decaauts)
 A = Elapsed time spent in this place.
 B = Non-inter-level travel time spent in this place.
 C = Inter-level travel time spent in this place.
 D = Time resting spent in this place.
 E = Time spent auto-exploring this place.
 F = Levels seen in this place.
 G = Mean time per level.
                   A        B        C        D        E       F      G
               +--------+--------+--------+--------+--------+-----+--------+
         Total |  34868 |  32434 |   2434 |   6097 |  18160 |  28 | 1245.3 |
       Dungeon |  16105 |  14502 |   1603 |   2214 |   8455 |  15 | 1073.7 |
          Lair |   8676 |   7933 |    743 |   1325 |   4553 |   5 | 1735.2 |
     Snake Pit |   5148 |   5116 |     32 |   1359 |   2737 |   4 | 1287.0 |
  Orcish Mines |   3707 |   3651 |     56 |    501 |   2355 |   2 | 1853.5 |
         Sewer |    884 |    884 |      0 |    442 |     58 |   1 |  884.0 |
      Ice Cave |    346 |    346 |      0 |    256 |      0 |   1 |  346.0 |
               +--------+--------+--------+--------+--------+-----+--------+

Top non-repeatable levels by time:
   Orc:2: 3224 daAuts
  Lair:4: 3155 daAuts
 Snake:2: 2468 daAuts
  Lair:1: 1858 daAuts
     D:4: 1796 daAuts
     D:5: 1580 daAuts
    D:13: 1547 daAuts
  Lair:5: 1439 daAuts
     D:2: 1414 daAuts
     D:9: 1373 daAuts
     D:7: 1278 daAuts
 Snake:3: 1261 daAuts
  Lair:2: 1196 daAuts
    D:14: 1164 daAuts
     D:8: 1071 daAuts
